nht, chaotic female elven Wizard * $ * ( $$ $ ------------ ( % $$ $ |....$.)...| [ $ $ * |..........-# |..........|# $ --------.---# * * ## # * * * $ @ # * ( #d# # $ # # $ (?*/+?(*=)**$ * ## # * (?%%(*)(?(+! . # *(?[ !*?))?" .. ######## [%??()=!*(!( ... # #--------+- ..[ # #|..<...... * ... # #|......$.| | $ * .... # #.......... ..$.| * $ $ * $ ----- # ---------- ---- nht the Conjurer Experience level: 5 Strength: 14 Dexterity: 9 Constitution: 10 Intelligence: 20 Wisdom: 14 Charisma: 10 Health: 0(32) Energy: 45(64) Def: 1 Gold: 646 Moves: 921 Dungeon seed: C8-w874r0BcCuoEi Game ID: nht_1433230092 Your Inventory: Coins $ - 646 gold pieces Amulets M - an uncursed amulet of magical breathing Weapons a - a blessed +1 quarterstaff (weapon in hands) Armor e - an uncursed +0 cloak of magic resistance (being worn) Comestibles r - 4 uncursed food rations Scrolls i - an uncursed scroll of blank paper j - 3 uncursed scrolls of identify s - an uncursed scroll of destroy armor B - an uncursed scroll of blank paper F - a blessed scroll of food detection G - 2 uncursed scrolls of scare monster J - 2 uncursed scrolls of earth L - an uncursed scroll of remove curse P - a cursed scroll of light Spellbooks u - a blessed spellbook of detect monsters Potions g - an uncursed potion of extra healing v - a blessed potion of monster detection E - an uncursed potion of full healing Rings d - an uncursed +2 ring of adornment Q - a cursed ring of teleportation Tools o - a magic marker (0:68) t - an uncursed blindfold C - 4 uncursed tallow candles (0:200) Spells known in the end: Name Level Category Fail Memory a - force bolt 1 attack 0% 96% b - magic missile 2 attack 0% 96% c - sleep 1 enchantment 0% 96% d - detect monsters 1 divination 0% 96% Your skills at the end: Fighting Skills Weapon Skills quarterstaff [Skilled] Spellcasting Skills attack spells [Basic] enchantment spells [Basic] Final Attributes: You were piously aligned. You were sleep resistant. You were magic-protected. You had infravision. You were lucky. You are dead. Vanquished creatures: a winter wolf cub a kobold lord 7 hill orcs a cave spider 9 garter snakes 2 geckos 4 jackals a kobold a goblin a lichen a kobold zombie 29 creatures vanquished. Voluntary challenges: You followed a strict vegan diet. You were an atheist. You used a wielded weapon 67 times, starting on turn 6. You read items or engraved 7 times, starting on turn 115. You never genocided any monsters. You never polymorphed an object. You never changed form. You used no wishes. You never split a pudding. You wrote Elbereth's name 2 times, starting on turn 540. You never violated your personal moral code. You disabled loading bones files. Dungeon overview: The Dungeons of Doom: levels 1 to 15 Level 1 a long staircase Level 2 Level 3 Level 4 some fountains Level 5 a jewelry store Level 6 Level 7 Level 8 a sink stairs to Sokoban Level 9 a fountain Level 10 a fountain, a sink Level 11 Level 12 (bees) Level 13 (quest) Level 14 Level 15 <- You were here Sokoban: Level 7 stairs to The Dungeons of Doom History has recorded: On T:1 you entered the Dungeons of Doom to retrieve the Amulet of Yendor! On T:3 you reached level 2 of The Dungeons of Doom. On T:48 you reached level 3 of The Dungeons of Doom. On T:169 you reached level 4 of The Dungeons of Doom. On T:225 you reached level 5 of The Dungeons of Doom. On T:244 you reached level 6 of The Dungeons of Doom. On T:279 you advanced to experience level 2. On T:325 you reached level 7 of The Dungeons of Doom. On T:328 you reached level 8 of The Dungeons of Doom. On T:343 you advanced to experience level 3. On T:388 you reached level 4 of Sokoban. On T:547 you advanced to experience level 4. On T:570 you advanced to experience level 5. On T:601 you reached level 10 of The Dungeons of Doom. On T:740 you reached level 11 of The Dungeons of Doom. On T:783 you reached level 12 of The Dungeons of Doom. On T:788 you reached level 13 of The Dungeons of Doom. On T:836 you reached level 14 of The Dungeons of Doom. On T:845 you reached level 15 of The Dungeons of Doom. Score breakdown: Gold: 646 ( 9561 points) Experience: 5 levels (11141 points) Exploration: 15 levels ( 31.25%) (16373 points) Discoveries: 2 items ( 0.72%) ( 2553 points) Valuables value: (no points given unless you survive) Artifact value: 0 ( 0 points) Variety of kills: 11 monsters ( 2.90%) ( 5110 points) Time penalty: 921 turns ( 0 points) Survival: died (score multiplied by 80%) Total score: 35790 Latest messages: The mountain nymph stole a tiger eye ring. The mountain nymph stole a wand called ebony nomsg. The mountain nymph stole a spellbook of sleep. The mountain nymph stole an uncursed ring of polymorph control. The mountain nymph tries to charm you, but is dismayed by your lack of response. The mountain nymph stole a wand of digging (0:0). The mountain nymph stole a clear potion. The mountain nymph stole a blessed spellbook of magic missile. The mountain nymph stole an uncursed wooden flute. You can move again. You hit the winter wolf cub! The winter wolf cub bites! You die... Final status: Goodbye nht the Wizard, killed by a winter wolf cub... You died in The Dungeons of Doom on dungeon level 15 with 35790 points, and 646 pieces of gold, after 921 moves. You were level 5 with a maximum of 32 hit points when you died.